 Dungeon Crawl Stone Soup version 0.27.1-1-g398f81649c (webtiles) character file.

Game seed: 6102842463718401227

242 chaosape the Grasshopper (level 6, 0/44 HPs)
             Began as a Gnoll Wanderer on Sept 7, 2021.
             Succumbed to an adder's poison
             ... on level 4 of the Dungeon.
             The game lasted 00:16:50 (3657 turns).

chaosape the Grasshopper (Gnoll Wanderer)           Turns: 3657, Time: 00:16:51

Health: 0/44       AC: 13    Str: 14    XL:     6   Next: 9%
Magic:  13/13      EV:  4    Int: 17    God:
Gold:   923        SH:  0    Dex: 12    Spells: 15/15 levels left

rFire    . . .     SeeInvis .   a - +2 dagger
rCold    . . .     Faith    .   (no shield)
rNeg     . . .     Spirit   .   e - +0 plate armour
rPois    .         Reflect  .   (no helmet)
rElec    .         Harm     .   (no cloak)
rCorr    .         Rampage  .   p - +0 pair of gloves of Zimefyif {Int+7}
Will     .....                  k - +0 pair of boots
Stlth    ..........             n - amulet of magic regeneration
HPRegen  0.14/turn              (no ring)
MPRegen  0.38/turn              (no ring)

@: lethally poisoned (0 -> -1), attractive, flying, hasted, very quick
A: fangs 1, strong nose, distributed training
a: no special abilities


You were on level 4 of the Dungeon.
You visited 1 branch of the dungeon, and saw 4 of its levels.

You collected 949 gold pieces.
You spent 26 gold pieces at shops.

Inventory:

Hand Weapons
 a - a +2 dagger (weapon)
 j - a +1 vampiric dagger
 q - a +0 fustibalus
Missiles
 b - a curare-tipped dart (quivered)
 f - 26 bolts
 i - 17 arrows
 o - 16 poisoned darts
Armour
 c - a +0 robe
 e - a +0 plate armour (worn)
 k - a +0 pair of boots (worn)
 m - a +0 leather armour
 p - the +0 pair of gloves of Zimefyif (worn) {Int+7}
   (You acquired it on level 3 of the Dungeon)

   Int:       It affects your intelligence (+7).
Jewellery
 n - an amulet of magic regeneration (around neck)
Wands
 r - a wand of flame (11)
Potions
 l - a potion of attraction


   Skills:
 + Level 1.8 Fighting
 + Level 1.8 Short Blades
 + Level 1.8 Long Blades
 + Level 1.8 Axes
 + Level 1.8 Maces & Flails
 + Level 1.8 Polearms
 + Level 1.8 Staves
 + Level 1.8 Slings
 + Level 4.9 Bows
 + Level 1.8 Crossbows
 + Level 3.1 Throwing
 + Level 3.1 Armour
 + Level 1.8 Dodging
 + Level 1.8 Stealth
 + Level 3.1 Shields
 + Level 1.8 Unarmed Combat
 + Level 5.3 Spellcasting
 + Level 1.4 Conjurations
 + Level 1.4 Hexes
 + Level 1.4 Summonings
 + Level 1.4 Necromancy
 + Level 5.6 Translocations
 + Level 1.4 Transmutations
 + Level 1.4 Fire Magic
 + Level 1.4 Ice Magic
 + Level 1.4 Air Magic
 + Level 1.4 Earth Magic
 + Level 1.4 Poison Magic
 + Level 2.0 Invocations
 + Level 1.8 Evocations


You had 15 spell levels left.
You didn't know any spells.
Your spell library contained the following spells:

 Spells                   Type           Power      Damage    Failure   Level
 Apportation              Tloc           46%        N/A       80%         1
 Teleport Other           Tloc           23%        N/A       99%         3
 Sandblast                Erth           18%        2d7       100%        1
 Sting                    Tmut/Pois      36%        1d4       100%        1
 Poisonous Vapours        Pois/Air       18%        N/A       100%        2
 Dazzling Flash           Conj/Hex       18%        N/A       100%        3
 Ozocubu's Armour         Ice            9%         N/A       100%        3
 Stone Arrow              Conj/Erth      18%        3d8       100%        3
 Iskenderun's Mystic Bla  Conj/Tloc      16%        2d5       100%        4
 Irradiate                Conj/Tmut      4%         3d15      100%        5
 Metabolic Englaciation   Hex/Ice        4%         N/A       100%        5
 Simulacrum               Ice/Necr       4%         N/A       100%        6
 Starburst                Conj/Fire      4%         6d4       100%        6


Dungeon Overview and Level Annotations

Branches:
Dungeon (4/15)
 Temple: D:4-7

Altars:
Ru

Shops:
D:2 ?


Innate Abilities, Weirdness & Mutations

You have very sharp teeth.
Your uncanny sense of smell can sniff out nearby items.
Your experience applies equally to all skills.


Message History

The giant cockroach bites you but does no damage.
You hit the giant cockroach.
You kill the giant cockroach!
You feel sick.
You closely miss the adder. Your bite misses the adder.
You feel sick. The adder bites you.
* * * LOW HITPOINT WARNING * * *
You are lethally poisoned!
The adder poisons you!
It was a potion of haste.
You feel yourself speed up.
* * * LOW HITPOINT WARNING * * *
You feel sick. The adder bites you but does no damage.
The ball python bites you but does no damage.
The ball python grabs you. The ball python constricts you.
It was a potion of attraction.
You feel attractive to monsters.
* * * LOW HITPOINT WARNING * * *
You feel sick. The adder bites you but does no damage.
The ball python bites you but does no damage.
The ball python constricts you.
You feel very buoyant.
You fly up into the air.
* * * LOW HITPOINT WARNING * * *
You feel sick. The adder bites you but does no damage.
You escape the ball python's grasp.
The adder barely misses you. The adder is pulled toward you!
* * * LOW HITPOINT WARNING * * *
You feel sick. The ball python is pulled toward you!
The adder is pulled toward you! x2
* * * LOW HITPOINT WARNING * * *
You feel sick. The iguana is pulled toward you!
You aren't carrying any scrolls.
Sorry, you're not good enough to have a special ability.
* * * LOW HITPOINT WARNING * * *
You feel sick.
* * * LOW HITPOINT WARNING * * *
You feel sick. The adder is pulled toward you! The iguana is pulled toward you!
The adder is pulled toward you! x2; The iguana is pulled toward you!
The ball python is pulled toward you!
You die...

.... .....5. ....#
######## #......∆
........
.......##......# ..
........#.....#. .
#.###...............
##.#...##.#..#..#.......
#..#.....(#..#..@.......
.....#........S.........
.....#....#..lS#..###...
.............S.....# .
.......<...........#
.................###
.###...##.........#
#>..†..........#
......##.#....#...#


You could see an iguana, 2 adders, a shadow imp (asleep) and a ball python.

Vanquished Creatures
  A scorpion (D:4)
  A hound (D:4)
  Jessica (D:2)
  A gnoll (D:2)
  5 adders
  A worm (D:3)
  2 dart slugs
  An orc (D:3)
  5 bats
  6 endoplasms
  4 giant cockroaches
  6 hobgoblins
  10 kobolds
  6 quokkas
  4 ball pythons
  3 frilled lizards
  10 rats
67 creatures vanquished.

Notes
Turn   | Place    | Note
-------+----------+-------------------------------------------
     0 | D:1      | chaosape the Gnoll Wanderer began the quest for the Orb.
     0 | D:1      | chaosape set off with the following items: a +2 dagger, 3
                  | curare-tipped darts, a +0 robe; and the following spells
                  | available to memorise: Apportation, Teleport Other,
                  | Sandblast, Stone Arrow
     0 | D:1      | Reached XP level 1. HP: 13/13 MP: 6/6
   321 | D:1      | Reached XP level 2. HP: 12/19 MP: 7/7
  1122 | D:1      | Reached XP level 3. HP: 16/25 MP: 9/9
  1228 | D:1      | Got the Handbook of Virous Transmutation
  1264 | D:1      | Reached skill level 5 in Spellcasting
  1659 | D:2      | Found Huaxzal's Magic Scroll Shoppe.
  1663 | D:2      | Bought a scroll of identify for 26 gold pieces
  1757 | D:2      | Reached skill level 1 in Invocations
  1885 | D:2      | Reached skill level 1 in Fighting
  1885 | D:2      | Reached skill level 1 in Short Blades
  1885 | D:2      | Reached skill level 1 in Long Blades
  1885 | D:2      | Reached skill level 1 in Axes
  1885 | D:2      | Reached skill level 1 in Maces & Flails
  1885 | D:2      | Reached skill level 1 in Polearms
  1885 | D:2      | Reached skill level 1 in Staves
  1885 | D:2      | Reached skill level 1 in Slings
  1885 | D:2      | Reached skill level 1 in Crossbows
  1885 | D:2      | Reached skill level 1 in Dodging
  1885 | D:2      | Reached skill level 1 in Stealth
  1885 | D:2      | Reached skill level 1 in Unarmed Combat
  1885 | D:2      | Reached skill level 1 in Evocations
  2068 | D:2      | Noticed Jessica
  2072 | D:2      | Killed Jessica
  2073 | D:2      | Reached XP level 4. HP: 32/32 MP: 11/11
  2399 | D:2      | Reached skill level 1 in Conjurations
  2399 | D:2      | Reached skill level 1 in Hexes
  2399 | D:2      | Reached skill level 1 in Summonings
  2399 | D:2      | Reached skill level 1 in Necromancy
  2399 | D:2      | Reached skill level 1 in Transmutations
  2399 | D:2      | Reached skill level 1 in Fire Magic
  2399 | D:2      | Reached skill level 1 in Ice Magic
  2399 | D:2      | Reached skill level 1 in Air Magic
  2399 | D:2      | Reached skill level 1 in Earth Magic
  2399 | D:2      | Reached skill level 1 in Poison Magic
  2880 | D:3      | Identified 2 scrolls of acquirement
  2880 | D:3      | Acquired 853 gold pieces
  2884 | D:3      | Acquired the +0 pair of gloves of Zimefyif {Int+7}
  2942 | D:3      | Reached XP level 5. HP: 35/37 MP: 12/12
  3008 | D:3      | Found a faded altar of an unknown god.
  3044 | D:3      | Found a sacrificial altar of Ru.
  3637 | D:4      | Reached XP level 6. HP: 17/44 MP: 13/13
  3654 | D:4      | HP: 2/44 [poisoned by an adder]
  3657 | D:4      | Succumbed to an adder's poison

Illustrated notes

Levels and vault maps discovered:
D:1:      dpeg_arrival_fog, layout_loops_ring, serial_aquarium,
          aquarium_bridge_island_large [aquarium_subvault_large_water,
          aquarium_subvault_bridge, aquarium_subvault_wall,
          aquarium_subvault_wall, aquarium_subvault_window], aquarium_window_1,
          aquarium_window_fake, aquarium_view_2c, aquarium_view_2a,
          minmay_misc_feat_square
D:2:      layout_loops_cross, serial_shops, shop, uniq_jessica, uniq_terence
D:3:      layout_loops_ring, nicolae_ru_awakened_eye, basic_ecumenical_altar
D:4:      gammafunk_wand_slinger, layout_cave_pools, temple_pool_b, minmay_bent

Skill      XL: |  1  2  3  4  5 |
---------------+----------------+-----
Spellcasting   | 5 |  5.3
Invocations    | 1 2 |  2.0
Fighting       | 1 |  1.8
Short Blades   | 1 |  1.8
Long Blades    | 1 |  1.8
Axes           | 1 |  1.8
Maces & Flails | 1 |  1.8
Polearms       | 1 |  1.8
Staves         | 1 |  1.8
Slings         | 1 |  1.8
Crossbows      | 1 |  1.8
Dodging        | 1 |  1.8
Stealth        | 1 |  1.8
Unarmed Combat | 1 |  1.8
Evocations     | 1 |  1.8
Conjurations   | 1 |  1.4
Hexes          | 1 |  1.4
Summonings     | 1 |  1.4
Necromancy     | 1 |  1.4
Transmutations | 1 |  1.4
Fire Magic     | 1 |  1.4
Ice Magic      | 1 |  1.4
Air Magic      | 1 |  1.4
Earth Magic    | 1 |  1.4
Poison Magic   | 1 |  1.4
Throwing       | 3 |  3.1
Armour         | 3 |  3.1
Shields        | 3 |  3.1
Bows           | |  4.9
Translocations | |  5.6

Action                   |  1- 3 |  4- 6 || total
-------------------------+-------+-------++-------
Melee: Dagger            |   143 |   149 ||   292
       Bite              |    10 |    12 ||    22
Throw: Dart              |     1 |     2 ||     3
Evoke: Wand              |       |     9 ||     9
  Use: Scroll            |     1 |     2 ||     3
       Potion            |       |     5 ||     5
Armor: Robe              |    12 |       ||    12
       Plate armour      |    73 |   176 ||   249
Dodge: Dodged            |    37 |    25 ||    62
